Map: Berlingrad LE

Players

Alex - Winner!

  • Race: Zerg Zerg
  • League: Master
  • Spawn Location: 11:00

IIIIIIIIIIII

  • Race: Terran Terran
  • League: Master
  • Spawn Location: 5:00

VOD

Have the link to the VOD?

Description

Time

  • Played on: July 14, 2022, 9:54 a.m.
  • Length: 31:34
Show
View Real Time Build Order
Export as new Build Order

Alex Zerg - Winner!

Build Orders: Hatch First 

Get SALT Encoding   

  12  0:00  Drone  
  13  0:13  Overlord  
  13  0:17  Drone  
  14  0:31  Drone x2  
  16  0:49  Hatchery  
  15  0:52  Drone  
  15  0:55  Drone  
  17  0:58  Drone  
  18  1:09  Extractor  
  17  1:15  Spawning Pool  
  17  1:17  Drone  
  17  1:21  Drone  
  18  1:28  Drone  
  19  1:39  Drone  
  20  1:49  Overlord  
  20  2:01  Queen  
  20  2:02  Zergling x4  
  20  2:03  Queen  
  26  2:18  Hatchery  
  25  2:26  Drone, Overlord  
  26  2:32  Metabolic Boost  
  26  2:36  Drone  
  27  2:45  Drone x3  
  27  2:49  Overlord  
  30  2:55  Drone  
  30  2:56  Drone  
  32  3:02  Overlord  
  32  3:06  Drone  
  33  3:15  Queen  
  33  3:17  Queen  
  33  3:19  Drone x2  
  39  3:26  Drone x3  
  42  3:29  Drone  
  42  3:30  Drone  
  44  3:36  Drone  
  44  3:38  Drone  
  46  3:45  Queen  
  46  3:47  Drone  
  49  3:50  Drone  
  49  3:51  Drone x2  
  49  3:52  Queen  
  54  4:00  Overlord  
  54  4:01  Overlord  
  54  4:06  Drone  
  54  4:07  Drone, Roach Warren  
  55  4:16  Drone x3  
  58  4:18  Overlord  
  58  4:21  Extractor, Drone x3  
  58  4:23  Extractor  
  59  4:25  Drone x3  
  59  4:27  Drone  
  63  4:39  Lair  
  63  4:47  Spore Crawler  
  63  4:48  Drone x2  
  63  4:51  Drone x2, Spore Crawler  
  66  4:52  Drone  
  66  4:53  Drone x4, Spore Crawler  
  66  4:55  Overlord  
  69  5:04  Queen  
  69  5:05  Queen  
  73  5:07  Roach x2  
  77  5:14  Roach x3  
  83  5:22  Overlord x2  
  83  5:23  Overlord  
  83  5:35  Drone x2  
  85  5:36  Evolution Chamber  
  85  5:37  Evolution Chamber, Drone x6  
  85  5:40  Extractor  
  85  5:41  Extractor  
  87  5:44  Roach  
  87  5:48  Drone x2  
  87  5:49  Drone x2, Hatchery  
  92  5:51  Extractor  
  92  5:52  Drone  
  92  5:53  Overseer  
  92  5:56  Roach x2  
  94  6:19  Zerg Missile Weapons Level 1  
  94  6:20  Zerg Ground Armor Level 1  
  94  6:21  Glial Reconstitution  
  94  6:23  Drone x3  
  94  6:24  Drone x2  
  99  6:27  Drone  
  99  6:28  Drone  
  99  6:29  Overlord x5  
  101  6:34  Roach x2  
  105  6:43  Overlord x4  
  105  6:49  Infestation Pit  
  104  6:55  Roach x8  
  104  6:56  Roach  
  104  6:57  Overlord  
  104  6:58  Overlord  
  122  7:14  Roach x6  
  134  7:16  Overlord  
  134  7:18  Roach x3  
  140  7:24  Roach x2  
  140  7:28  Hive  
  144  7:31  Roach x6  
  144  7:36  Ravager x3  
  144  7:37  Ravager  
  160  7:38  Roach x2  
  160  7:39  Roach  
  166  7:48  Roach x6  
  178  8:00  Drone x5  
  178  8:01  Drone x2  
  178  8:02  Zergling x4  
  178  8:04  Zergling x2  
  188  8:06  Ravager  
  188  8:07  Ravager x2  
  188  8:09  Hatchery  
  187  8:43  Zergling x16  
  187  8:46  Hatchery  
  194  8:51  Zerg Ground Armor Level 2, Zerg Missile Weapons Level 2  
  192  9:09  Overlord x3  
  188  9:10  Drone x3  
  188  9:11  Drone x2  
  188  9:13  Extractor  
  188  9:15  Extractor  
  188  9:27  Overlord x2  
  188  9:28  Zergling x2  
  188  9:29  Zergling x12  
  195  9:36  Adrenal Glands  
  195  9:37  Ultralisk Cavern  
  195  9:38  Hatchery  
  189  10:04  Evolution Chamber  
  188  10:14  Zergling x14  
  190  10:15  Zergling x8  
  190  10:21  Baneling Nest  
  191  10:39  Zerg Melee Weapons Level 1  
  191  10:40  Chitinous Plating  
  173  10:57  Spore Crawler  
  170  11:07  Hatchery  
  170  11:08  Drone x6  
  170  11:09  Drone x4  
  168  11:18  Ultralisk x2  
  168  11:19  Ultralisk x2  
  192  11:32  Zergling x8  
  196  11:33  Zergling x8  
  196  11:39  Zerg Missile Weapons Level 3, Zerg Ground Armor Level 3  
  196  11:47  Centrifugal Hooks  
  196  11:51  Spire  
  195  11:59  Anabolic Synthesis  
  187  12:14  Queen  
  186  12:19  Zergling x8  
  186  12:20  Zergling x14  
  192  12:51  Burrow  
  192  12:52  Pathogen Glands  
  192  12:54  Pneumatized Carapace  
  192  13:06  Zerg Flyer Weapons Level 1  
  192  13:11  Baneling x2  
  192  13:12  Baneling x13  
  189  13:24  Corruptor x3  
  189  13:25  Corruptor x2  
  194  13:49  Neural Parasite  
  191  14:04  Zergling x4  
  191  14:05  Zergling x14  
  191  14:09  Zerg Melee Weapons Level 2  
  200  14:23  Baneling x8  
  200  14:44  Hatchery, Spire  
  166  14:54  Zergling x14  
  166  14:55  Zergling x40  
  185  15:00  Baneling x5  
  185  15:01  Baneling x10  
  185  15:06  Extractor  
  184  15:07  Extractor  
  184  15:11  Zergling x2  
  184  15:12  Zergling x28  
  184  15:13  Zergling x4  
  200  15:14  Hatchery  
  153  15:39  Ultralisk x5  
  153  15:40  Ultralisk  
  153  15:41  Zergling x2  
  153  15:42  Zergling x42  
  188  15:52  Drone x3  
  188  15:53  Drone  
  169  16:00  Hatchery  
  169  16:01  Overseer x2  
  169  16:02  Overseer x2  
  169  16:03  Hatchery  
  165  16:09  Corruptor  
  165  16:10  Corruptor x5  
  176  16:19  Drone  
  176  16:20  Drone x13  
  188  16:37  Corruptor x2  
  185  16:59  Spine Crawler  
  185  17:00  Spine Crawler  
  183  17:01  Spore Crawler  
  183  17:02  Viper x4  
  186  17:10  Zerg Melee Weapons Level 3  
  186  17:16  Drone x6  
  186  17:17  Drone  
  186  17:19  Drone x5  
  186  17:20  Drone x2  
  200  17:24  Spine Crawler x2  
  200  17:25  Spine Crawler x2  
  200  17:26  Spore Crawler  
  195  17:57  Baneling x12  
  195  17:58  Baneling x2  
  195  18:09  Zerg Flyer Armor Level 1, Zerg Flyer Weapons Level 2  
  185  18:32  Zergling x2  
  185  18:33  Zergling x18  
  185  18:34  Zergling x12  
  199  18:50  Zergling x2  
  200  19:04  Baneling  
  200  19:05  Baneling x11  
  200  19:09  Overseer x3  
  200  19:16  Spine Crawler  
  199  19:17  Spine Crawler  
  199  19:18  Spore Crawler  
  199  19:19  Spine Crawler  
  199  19:20  Spine Crawler  
  190  19:44  Infestor x2  
  190  19:45  Infestor  
  196  19:50  Zergling x6  
  162  20:14  Zergling x2  
  162  20:15  Zergling x40  
  162  20:16  Zergling x10  
  174  20:22  Zergling x8  
  174  20:23  Zergling x18  
  166  21:24  Zerg Flyer Weapons Level 3  
  166  21:25  Greater Spire  
  166  21:31  Ultralisk x2  
  166  21:32  Ultralisk x2  
  187  21:33  Zergling x2  
  187  21:34  Zergling x24  
  187  21:38  Baneling  
  187  21:39  Baneling x14  
  200  21:40  Baneling x4  
  200  21:41  Baneling  
  200  21:49  Extractor  
  200  21:50  Extractor  
  200  21:51  Spine Crawler  
  200  21:52  Spine Crawler  
  200  21:53  Spine Crawler  
  200  21:54  Spine Crawler  
  194  21:58  Spore Crawler, Overseer x2  
  194  21:59  Overseer x2  
  193  22:09  Baneling x7  
  193  22:10  Baneling  
  156  22:36  Brood Lord x2  
  164  22:37  Brood Lord x7  
  164  22:38  Brood Lord x3  
  164  22:42  Brood Lord  
  182  22:46  Zergling x2  
  182  22:47  Zergling x32  
  198  23:00  Extractor  
  197  23:17  Drone x2  
  199  23:22  Extractor  
  198  23:30  Overseer x7  
  198  23:34  Baneling x5  
  198  23:35  Baneling x4  
  138  24:19  Zergling x2  
  138  24:20  Zergling x30  
  138  24:21  Zergling x16  
  140  24:36  Corruptor x5  
  140  24:37  Corruptor x3  
  135  25:46  Ultralisk x3  
  135  25:47  Ultralisk  
  135  25:48  Zergling x4  
  135  25:49  Zergling x36  
  178  26:04  Brood Lord x4  
  178  26:05  Brood Lord  
  178  26:06  Corruptor x2  
  192  26:16  Zerg Flyer Armor Level 2  
  192  26:29  Hatchery  
  192  26:30  Zergling x12  
  195  26:39  Baneling x6  
  195  26:40  Baneling x3  
  195  26:57  Baneling x6  
  195  26:58  Baneling  
  166  27:14  Zergling x20  
  166  27:15  Zergling x22  
  156  27:31  Zergling x6  
  156  27:32  Zergling x30  
  156  27:33  Overseer x2  
  156  27:34  Overseer  
  174  27:44  Zergling x6  
  174  27:45  Zergling x10  
  174  27:46  Zergling x6  
  185  28:02  Brood Lord x2  
  185  28:03  Corruptor  
  191  28:08  Overseer  
  191  28:19  Baneling x6  
  191  28:29  Extractor  
  191  28:33  Extractor  
  187  28:38  Zergling x4  
  187  28:39  Zergling x16  
  187  28:40  Zergling x4  
  177  28:56  Zergling x12  
  176  29:04  Zergling x2  
  176  29:05  Zergling x26  
  176  29:06  Zergling x4  
  186  29:10  Brood Lord  
  142  30:14  Ultralisk x2  
  128  30:29  Zergling x4  
  128  30:30  Zergling x6  
  133  30:36  Zergling x24  
  133  30:37  Zergling x2  
  133  30:42  Zergling x12  
  152  30:43  Zergling x10  
  152  30:47  Ultralisk  
  154  31:12  Zergling x16  
  154  31:15  Zergling x2  
  154  31:16  Zergling x10  
  154  31:18  Hatchery  
  167  31:20  Overseer  
  167  31:28  Hatchery  
Show
View Real Time Build Order
Export as new Build Order

IIIIIIIIIIII Terran 

Build Orders:  

Get SALT Encoding   

  12  0:00  SCV  
  13  0:12  SCV  
  14  0:17  Supply Depot  
  14  0:24  SCV  
  15  0:39  SCV, Barracks  
  16  0:51  SCV  
  16  0:52  Refinery  
  18  1:04  SCV  
  18  1:17  SCV  
  19  1:26  Marine  
  19  1:30  Orbital Command  
  20  1:38  Command Center  
  20  1:50  Barracks Reactor  
  20  1:52  Supply Depot  
  20  1:55  SCV  
  21  2:07  SCV  
  22  2:18  Factory  
  22  2:20  SCV  
  23  2:28  Marine x2  
  25  2:32  SCV  
  26  2:44  SCV, Command Center  
  27  2:53  Orbital Command  
  27  3:02  SCV  
  27  3:05  Barracks  
  28  3:07  Barracks Tech Lab  
  28  3:14  SCV  
  28  3:18  SCV  
  30  3:21  Refinery  
  30  3:25  Hellion  
  30  3:26  SCV, Hellion  
  35  3:28  Stimpack  
  35  3:31  SCV  
  36  3:37  Marine  
  36  3:38  SCV  
  38  3:43  SCV  
  39  3:50  SCV  
  39  3:53  Starport  
  39  3:55  SCV  
  41  3:59  Marine x2  
  41  4:00  Factory Reactor  
  41  4:02  SCV  
  44  4:03  Orbital Command  
  44  4:07  Marine, SCV  
  46  4:14  SCV  
  46  4:17  Marine x2  
  47  4:19  SCV  
  50  4:25  Marine  
  50  4:26  SCV, Refinery x2  
  50  4:30  SCV  
  53  4:31  SCV  
  53  4:34  Marine  
  53  4:36  Supply Depot  
  53  4:38  SCV, Supply Depot  
  55  4:40  Marine  
  55  4:43  Marine, SCV x2  
  55  4:45  Factory Tech Lab  
  60  4:50  SCV  
  61  4:58  Marine x2, SCV, Medivac x2, Orbital Command  
  61  4:59  Engineering Bay  
  68  5:01  Marine, Engineering Bay  
  68  5:03  SCV  
  68  5:06  Supply Depot  
  70  5:10  SCV  
  69  5:15  Marine x2, SCV, Siege Tank  
  69  5:19  Marine  
  76  5:22  SCV  
  76  5:24  Supply Depot  
  76  5:27  SCV  
  76  5:28  Terran Infantry Armor Level 1, Terran Infantry Weapons Level 1  
  78  5:33  Marine  
  78  5:34  Marine  
  82  5:36  Marine  
  82  5:38  Combat Shield  
  82  5:40  SCV  
  82  5:41  SCV  
  82  5:42  SCV, Barracks  
  84  5:45  Starport Reactor  
  84  5:51  Marine, Siege Tank  
  84  5:56  Marine x2  
  90  5:58  Supply Depot  
  90  6:00  Supply Depot  
  89  6:09  Marine  
  87  6:13  SCV  
  87  6:14  Marine, SCV x2  
  87  6:16  Bunker  
  91  6:21  Supply Depot  
  91  6:24  Marine  
  92  6:25  Siege Tank  
  92  6:26  SCV x3  
  92  6:28  Medivac x2  
  102  6:35  Armory  
  102  6:38  SCV x2  
  104  6:43  SCV  
  104  6:44  Marine x3, Supply Depot  
  108  6:48  Marine x2  
  108  6:50  SCV x2  
  108  6:52  Sensor Tower  
  112  6:55  SCV  
  113  7:01  Marine  
  113  7:02  Marine, SCV x2  
  113  7:05  Marine, Siege Tank  
  113  7:06  Marine  
  113  7:07  SCV  
  124  7:18  Command Center, Concussive Shells  
  124  7:19  Marine  
  125  7:23  Marine, Supply Depot, Medivac x2  
  125  7:25  Supply Depot  
  125  7:26  Terran Infantry Weapons Level 2  
  129  7:39  Siege Tank  
  129  7:42  Barracks  
  129  7:43  Barracks  
  132  7:50  SCV  
  133  7:52  Refinery x2  
  133  7:53  Medivac  
  133  7:56  SCV x2  
  133  7:57  Marine  
  138  8:02  Barracks  
  138  8:04  Barracks  
  138  8:05  SCV, Supply Depot, Barracks  
  139  8:07  Supply Depot  
  139  8:08  SCV  
  139  8:09  Supply Depot  
  139  8:10  Marine x4  
  144  8:15  SCV  
  144  8:17  SCV  
  146  8:22  Marine  
  147  8:28  Marine x2  
  148  8:42  Terran Infantry Armor Level 2  
  148  8:43  SCV x2  
  148  8:45  Barracks Tech Lab  
  148  8:46  Barracks Tech Lab  
  148  8:48  Siege Tank  
  153  8:53  Factory  
  153  9:00  Marine  
  153  9:05  Supply Depot  
  153  9:06  Supply Depot x2  
  153  9:07  Marauder  
  153  9:08  Marauder x2, Barracks Reactor x2  
  153  9:09  Barracks Tech Lab  
  159  9:10  Command Center  
  158  9:20  Siege Tank  
  158  9:21  Liberator  
  164  9:27  Liberator  
  165  9:32  Supply Depot x2  
  165  9:33  Supply Depot  
  165  9:36  Marauder x2  
  165  9:37  Marauder  
  168  9:41  Planetary Fortress  
  168  9:45  Sensor Tower  
  168  9:48  Marine x3, Marauder  
  173  9:58  Marauder  
  173  9:59  Supply Depot  
  172  10:01  Refinery x2  
  172  10:02  Marine x4  
  172  10:04  Liberator, Siege Tank  
  172  10:05  Factory Tech Lab  
  182  10:10  Terran Infantry Weapons Level 3  
  182  10:19  Marauder x3  
  182  10:20  Terran Vehicle Weapons Level 1  
  177  10:37  Command Center  
  170  10:58  Missile Turret  
  170  11:03  Ghost Academy  
  94  11:04  Orbital Command  
  165  11:07  Terran Infantry Armor Level 3  
  165  11:08  Siege Tank  
  168  11:12  Command Center  
  168  11:14  Command Center  
  164  11:20  Supply Depot  
  164  11:21  Sensor Tower  
  164  11:32  Command Center  
  164  11:33  Siege Tank  
  167  11:40  Siege Tank  
  167  11:41  Missile Turret  
  167  11:47  Ghost  
  160  11:49  Supply Depot  
  160  11:50  Marine x2  
  167  11:55  Ghost  
  164  12:05  Siege Tank  
  161  12:12  Siege Tank  
  162  12:23  Ghost x2  
  162  12:24  Ghost x2  
  162  12:28  Orbital Command  
  162  12:29  Orbital Command  
  168  12:37  Liberator x2  
  159  12:40  Personal Cloaking  
  155  12:46  Command Center  
  155  12:50  Ghost Academy  
  155  12:52  Ghost Academy  
  155  12:58  Orbital Command  
  155  13:02  Ghost  
  155  13:04  Missile Turret  
  157  13:09  Sensor Tower  
  157  13:19  Liberator  
  160  13:27  Missile Turret  
  160  13:30  Missile Turret  
  160  13:35  Siege Tank  
  163  13:45  Siege Tank  
  166  13:49  Missile Turret, Command Center  
  166  13:52  Missile Turret  
  166  13:56  Command Center  
  166  13:59  Nuke  
  166  14:00  Nuke  
  165  14:03  Planetary Fortress  
  165  14:07  Siege Tank  
  165  14:09  Orbital Command  
  168  14:17  Siege Tank  
  168  14:19  Command Center  
  171  14:25  Sensor Tower  
  171  14:28  Nuke  
  171  14:38  Ghost x4  
  171  14:40  Siege Tank  
  171  14:41  SCV x3  
  171  14:42  SCV  
  177  14:59  Supply Depot  
  176  15:00  Refinery  
  176  15:01  Refinery  
  176  15:06  Ghost  
  176  15:07  Ghost x3  
  176  15:10  Enhanced Shockwaves  
  184  15:16  SCV x6  
  184  15:17  SCV x3  
  193  15:24  Refinery  
  193  15:28  SCV x2  
  194  15:34  Marine  
  173  15:42  Ghost x2  
  151  15:55  Nuke x2  
  151  16:04  Command Center  
  151  16:08  Marine  
  151  16:09  Marine x5, Marauder x2  
  151  16:10  Siege Tank  
  164  16:16  Ghost x2  
  166  16:24  Hi-Sec Auto Tracking  
  164  16:29  Ghost x2  
  164  16:32  Sensor Tower  
  168  16:35  Planetary Fortress  
  168  16:36  SCV  
  168  16:37  SCV x4  
  168  16:38  Siege Tank  
  174  16:48  Marine x3  
  174  16:52  Ghost x2  
  175  16:58  Ghost  
  175  17:01  Ghost  
  172  17:13  Engineering Bay  
  169  17:17  Siege Tank x2  
  169  17:19  Nuke  
  177  17:28  SCV x2  
  177  17:29  SCV x3  
  178  17:42  Sensor Tower  
  176  17:48  Missile Turret  
  176  17:49  Command Center  
  176  18:00  Nuke  
  176  18:01  Nuke  
  176  18:06  Planetary Fortress  
  176  18:09  Command Center  
  176  18:11  Command Center  
  176  18:14  Command Center, Missile Turret  
  175  18:25  Thor x2  
  181  18:27  Factory  
  181  18:30  Factory  
  181  18:39  Command Center  
  181  18:57  Command Center  
  181  19:08  Thor, Siege Tank  
  190  19:14  Factory Tech Lab  
  190  19:15  Factory Tech Lab  
  190  19:17  Factory x2  
  187  19:30  Missile Turret  
  187  19:31  Command Center  
  184  19:33  Missile Turret  
  184  19:34  Planetary Fortress  
  184  19:35  Command Center  
  182  19:42  Thor  
  188  19:59  Planetary Fortress  
  162  20:35  Marine  
  162  20:36  Marine x2, Thor x2  
  162  20:37  Thor, Factory Reactor  
  162  20:38  Factory Reactor  
  183  20:52  Refinery  
  183  20:53  Planetary Fortress, Orbital Command, Refinery  
  183  20:56  Orbital Command x2  
  152  21:05  Ghost  
  152  21:06  Ghost x3  
  152  21:07  Thor  
  152  21:09  Marine  
  163  21:14  Infernal Pre-Igniter  
  163  21:27  Nuke x2  
  163  21:28  Nuke  
  167  21:40  Sensor Tower  
  167  21:43  Sensor Tower  
  167  21:45  Planetary Fortress  
  167  21:51  Hellion x7, Ghost x2  
  181  22:07  Command Center  
  181  22:13  Neosteel Armor  
  149  22:32  Marine  
  149  22:33  Marine x4  
  149  22:35  Ghost x4  
  149  22:37  Thor x3, Hellion x5  
  182  22:53  Liberator  
  185  22:58  Siege Tank  
  185  23:03  Ghost x2  
  185  23:05  Ghost x2  
  194  23:17  Command Center  
  194  23:19  Hellion  
  198  23:20  Missile Turret x2, Hellion x2  
  198  23:32  Ghost  
  198  23:34  Sensor Tower  
  190  24:05  Hellion x6  
  156  24:17  Ghost x2  
  156  24:18  Reaper, Marauder, Ghost  
  156  24:24  Hellion x2  
  141  24:26  Marine x3, Thor x2, Hellion  
  141  24:30  Viking x2  
  129  24:38  Ghost  
  129  24:44  Marine x6, Thor  
  129  24:45  Marine, Thor  
  149  24:46  Ghost x3  
  149  24:50  Marine  
  133  25:01  Orbital Command  
  133  25:02  Planetary Fortress, Marine  
  124  25:07  Ghost  
  124  25:09  Siege Tank  
  124  25:14  Ghost x2  
  124  25:15  Orbital Command, Ghost  
  130  25:27  Orbital Command  
  122  25:35  Ghost  
  121  25:44  SCV x6  
  121  25:48  Thor  
  133  26:00  SCV x2  
  133  26:01  SCV  
  136  26:17  Thor  
  142  26:37  Command Center  
  142  26:38  Hellion x2  
  87  27:22  Ghost x3  
  87  27:26  Hellion x5  
  89  27:34  Medivac x2  
  93  27:50  Thor, Hellion x4  
  107  27:52  Hellion x2  
  107  27:53  Hellion  
  113  28:01  Refinery  
  113  28:04  Medivac x2  
  117  28:11  Hellion x2  
  121  28:23  Ghost x3  
  66  28:56  Marine  
  66  28:57  Marine x11  
  65  29:14  Marine x5  
  65  29:15  Marine x7  
  75  29:32  Marine x6  
  50  30:16  Marine  
  32  30:51  Ghost  
Tags
 
Add a new tag
Caveats
  • Supply blocks, unpowered buildings, or Contaminate may cause inaccurate times.
  • Supply counts are checked every 10 seconds.